 Dungeon Crawl Stone Soup version 0.18.1-48-g4cf74bf (webtiles) character file.

489454 Krapule the Warrior (level 23, -16/215 HPs)
             Began as a Minotaur Fighter on Aug 29, 2016.
             Was a High Priest of the Shining One.
             Killed from afar by a frost giant (39 damage)
             ... with a bolt of cold
             ... created by the fury of Okawaru
             ... on level 1 of the Crypt on Sept 2, 2016.
             The game lasted 06:18:02 (63741 turns).

Krapule the Warrior (Minotaur Fighter)             Turns: 63741, Time: 06:18:02

Health: -16/215    AC: 30    Str: 31    XL:     23   Next: 56%
Magic:  35/35      EV: 26    Int: 18    God:    the Shining One [*****.]
Gold:   668        SH: 20    Dex: 28    Spells: 4 memorised, 20 levels left

rFire  + + .     SeeInvis .     Y - +6 trident of the Sun {pierce, rElec rPois Int+4 Stlth+}
rCold  . . .     Gourm    .     b - +7 pearl dragon armour
rNeg   + + +     Faith    +     U - +3 shield of the Orange Skies {rElec MP+9 Int+2 Dex+3}
rPois  +         Spirit   .     Q - +0 hat "Cin Iba" {Dex+3}
rElec  +         Dismiss  .     F - +0 cloak of Rotation {MP-9 Str+4 Dex+5}
rCorr  .         Reflect  .     t - +0 pair of gloves of Immorality {rN++ Dex+8}
SustAt .         Harm     .     c - +2 pair of boots
MR     +....                    L - amulet of faith
Stlth  +.........               x - +3 ring of slaying
                                N - ring of Laixyges {rF++ Str+4}

@: glowing, somewhat resistant to hostile enchantments, very unstealthy
A: retaliatory headbutt, horns 2, clumsy 1, no device heal 1
a: Divine Shield, Cleansing Flame, Summon Divine Warrior, Renounce Religion
}: 3/15 runes: decaying, serpentine, silver


You were on level 1 of the Crypt.
You worshipped the Shining One.
The Shining One was extremely pleased with you.
You were not hungry.

You visited 9 branches of the dungeon, and saw 42 of its levels.
You visited the Abyss 3 times.
You also visited: Bailey, Ice Cave and Volcano.

You collected 5776 gold pieces.
You spent 5108 gold pieces at shops.

Inventory:

Hand Weapons
 Y - the +6 trident of the Sun (weapon) {pierce, rElec rPois Int+4 Stlth+}
   (Okawaru gifted it to you on level 5 of the Vaults)

   It inflicts extra damage upon your enemies.
   It affects your intelligence (+4).
   It insulates you from electricity.
   It protects you from poison.
   It makes you more stealthy.
Missiles
 p - a throwing net (quivered)
Armour
 b - a +7 pearl dragon armour (worn)
 c - a +2 pair of boots (worn)
 t - the +0 pair of gloves of Immorality (worn) {rN++ Dex+8}
   (Okawaru gifted it to you on level 5 of the Vaults)

   It affects your dexterity (+8).
   It greatly protects you from negative energy.
 F - the +0 cloak of Rotation (worn) {MP-9 Str+4 Dex+5}
   (You found it on level 7 of the Lair of Beasts)

   It affects your strength (+4).
   It affects your dexterity (+5).
   It affects your magic capacity (-9).
 K - the +2 cloak of Simaosmu {-Tele MR+++ Dex+6 SInv}
   (You bought it in a shop on level 2 of the Orcish Mines)

   It affects your dexterity (+6).
   It affects your resistance to hostile enchantments.
   It lets you see invisible.
   It prevents most forms of teleportation.
 Q - the +0 hat "Cin Iba" (worn) {Dex+3}
   (Okawaru gifted it to you in an ice cave)

   It affects your dexterity (+3).
 U - the +3 shield of the Orange Skies (worn) {rElec MP+9 Int+2 Dex+3}
   (You bought it in a shop on level 2 of the Orcish Mines)

   It affects your intelligence (+2).
   It affects your dexterity (+3).
   It insulates you from electricity.
   It affects your magic capacity (+9).
Jewellery
 i - an uncursed ring of resist corrosion
 n - an uncursed ring of protection from fire
 x - a +3 ring of slaying (right hand)
 I - the amulet of Kufotik {Regen+ Dex+4}
   (You acquired it on level 1 of the Snake Pit)

   [amulet of regeneration]

   It affects your dexterity (+4).
   It increases your rate of regeneration.
 L - an amulet of faith (around neck)
 N - the ring of Laixyges (left hand) {rF++ Str+4}
   (You found it on level 4 of the Snake Pit)

   [ring of strength]

   It affects your strength (+4).
   It greatly protects you from fire.
 W - an uncursed ring of protection from cold
Wands
 e - a wand of hasting (7/9)
 M - a wand of digging (10/24)
 P - a wand of teleportation (3/9)
 S - a wand of disintegration (16/24)
Scrolls
 a - a scroll of summoning
 l - 4 scrolls of teleportation
 q - 3 scrolls of blinking
 u - 5 scrolls of magic mapping
 w - 4 scrolls of fear
 y - 5 scrolls of immolation
 A - 14 scrolls of remove curse
 C - 2 scrolls of silence
 H - 6 scrolls of fog
 O - 18 scrolls of identify
 X - a scroll of holy word
Potions
 d - 4 potions of might
 g - 7 potions of curing
 h - 11 potions of haste
 j - 6 potions of lignification
 k - 5 potions of cancellation
 m - 5 potions of flight
 o - 2 potions of berserk rage
 r - 6 potions of agility
 s - 11 potions of brilliance
 v - 4 potions of heal wounds
 B - 2 potions of magic {unknown}
 D - a potion of resistance
Miscellaneous
 z - 3 phantom mirrors
Comestibles
 f - 15 bread rations


   Skills:
 + Level 20.1 Fighting
 - Level 15.0 Polearms
 - Level 14.0 Armour
 + Level 14.6 Dodging
 - Level 16.0 Shields
 - Level 9.0 Spellcasting
 + Level 15.5 Transmutations
 + Level 15.7 Earth Magic
 + Level 11.9 Invocations


You had 20 spell levels left.
You knew the following spells:

 Your Spells              Type           Power        Failure   Level  Hunger
a - Passwall              Trmt/Erth      ######....   1%          2    None
b - Statue Form           Trmt/Erth      ######...    6%          6    ######.
c - Haste                 Chrm           #.......     100%        6    ######.
d - Deflect Missiles      Chrm/Air       #.........   100%        6    ######.


Dungeon Overview and Level Annotations

Branches:
Dungeon (14/15)            Temple (1/1) D:7            Lair (8/8) D:11
  Swamp (4/4) Lair:3        Snake (4/4) Lair:6        Slime (0/6) Lair:8
    Orc (2/2) D:10            Elf (3/3) Orc:2        Vaults (5/5) D:14
  Crypt (1/3) Vaults:3

Altars:
Ashenzari
Cheibriados
Dithmenos
Elyvilon
Fedhas
Gozag
Kikubaaqudgha
Makhleb
Nemelex Xobeh
Okawaru
Pakellas
Qazlal
Ru
Sif Muna
Trog
Vehumet
Xom
Yredelemnul
Zin
The Shining One
Beogh

Shops:
D:7 :   D:10 [   D:11 *(:[[   D:12 (   Orc:2 [([!   Elf:1 (   Elf:2 %
Snake:1 }   Vaults:3 [   Vaults:4 [

Annotations:
Lair:8 exclusion: 2 oklob plants
Swamp:2 exclusion: oklob plant, Roxanne
Elf:3 Mara


Innate Abilities, Weirdness & Mutations

You reflexively headbutt those who attack you in melee.
You have a pair of horns on your head.
You are clumsy. (Dex -2)
Potions and wands are less effective at restoring your health.


Message History

That felt strangely unrewarding.
The frost giant casts a spell at you. The bolt of cold misses you.
The deep elf archer shoots an arrow.
The arrow hits you.
The arrow disappears in a puff of smoke!
The deep elf archer shoots an arrow.
You block the arrow.
The arrow disappears in a puff of smoke!
You see here a leather armour.
The frost giant points at you and mumbles some strange words.
The bolt of cold misses you.
The deep elf archer shoots an arrow.
The arrow hits you but does no damage.
The arrow disappears in a puff of smoke!
The frost giant points at you and mumbles some strange words.
The bolt of cold hits you!
* * * LOW HITPOINT WARNING * * *
The deep elf archer shoots an arrow.
You block the arrow.
The arrow disappears in a puff of smoke!
The frost giant casts a spell at you. The bolt of cold hits you!
You die...

##### ##...##
##.....##
##..[....#########
#...C.....'.......
#.........'.......
#.........##..####
#@........##..#
#e........##..#
#.........##..#
#.........##''##
#..............##
#...............##
#................'
#.....)..........'
#................#


You could see a frost giant and a deep elf archer.

Vanquished Creatures
  the Lernaean hydra (Swamp:4)
  Norris (Snake:4)
  A profane servitor (Abyss:2)
  Rupert (D:14)
  4 tentacled monstrosities
  A deep elf blademaster (Elf:2)
  5 titans
  2 liches (Vaults:5)
  An Executioner (Abyss:2)
  2 deep elf master archers (Crypt:1)
  3 tentacled starspawn
  Frances (D:13)
  A quicksilver dragon (Vaults:5)
  7 thorn hunters
  An ancient champion (Crypt:1)
  A sphinx (Vaults:5)
  Kirke (Snake:3)
  5 storm dragons
  3 tengu reavers (Vaults:5)
  A shadow dragon (Vaults:5)
  5 greater nagas
  6 frost giants
  Donald (Elf:2)
  The ghost of Elystan the Grappler, a journeyman TrAr of Pakellas (Elf:2)
  Maud (D:14)
  An iron dragon (Vaults:5)
  25 vault wardens
  3 fire giants
  A deep elf sorcerer (Vaults:5)
  2 orc warlords
  2 deep elf elementalists
  Aizul (Swamp:4)
  2 war gargoyles
  13 ironheart preservers
  13 stone giants
  3 vampire knights (Crypt:1)
  The ghost of ThereIsNoGod the Severer, a journeyman MiGl of Makhleb (Lair:5)
  8 very ugly things
  2 green draconians (Crypt:1)
  7 deep elf demonologists
  A yellow draconian (Crypt:1)
  Azrael (D:14)
  3 deep elf annihilators
  A purple draconian (Abyss:2)
  A quicksilver dragon zombie (Crypt:1)
  4 deep elf death magi
  Josephine (D:13)
  4 jiangshi (Crypt:1)
  5 ettins (Vaults:5)
  A fire dragon (Vaults:2)
  A crystal guardian (Vaults:5)
  Snorg (D:14)
  6 great orbs of eyes
  2 deep elf high priests (Vaults:5)
  35 vault guards
  36 hydras
  The ghost of ThereIsNoGod the Cleaver, a journeyman MiGl of Makhleb (D:13)
  8 yaktaur captains
  An ice dragon (shapeshifter) (Vaults:5)
  14 naga warriors
  An ice dragon (Vaults:3)
  A ghost crab (Swamp:4)
  9 ogre magi
  2 catoblepae
  6 death knights
  A ghost crab (shapeshifter) (Vaults:2)
  6 anacondas
  Erolcha (D:10)
  8 centaur warriors
  8 death yaks
  14 alligators
  2 vampire magi (Crypt:1)
  25 dancing weapons
  A deep troll earth mage (Vaults:5)
  2 deep troll shamans
  2 tengu warriors (D:14)
  9 shock serpents
  11 naga sharpshooters
  2 orc high priests
  Urug (D:14)
  4 thrashing horrors (Abyss:2)
  22 deep elf knights
  2 titan skeletons
  5 wretched stars
  Sonja (D:13)
  The ghost of Heedrag the Destroyer, a novice DECj of Vehumet (Bailey)
  3 salamander mystics
  A soul eater (Crypt:1)
  A shadow wraith (Vaults:4)
  4 unseen horrors
  14 skeletal warriors
  6 fire crabs
  13 sea snakes
  3 spatial maelstroms
  A spriggan druid (Swamp:4)
  A lindwurm (shapeshifter) (Vaults:4)
  9 deep trolls
  8 shambling mangroves
  A swamp dragon (shapeshifter) (Vaults:5)
  7 phantasmal warriors
  3 flayed ghosts
  13 deep elf archers
  3 giant orange brains
  5 wizards
  15 swamp dragons
  5 naga ritualists
  A harpy (shapeshifter) (Vaults:4)
  23 ironbrand convokers
  5 necromancers
  4 hill giants
  17 orc knights
  5 harpies (Vaults:2)
  8 mana vipers
  3 orc sorcerers
  21 ugly things
  59 deep elf magi
  A manticore (shapeshifter) (Vaults:2)
  An oklob plant (Swamp:2)
  3 wolf spiders
  4 hornets
  4 cyclopes
  3 wolf spider zombies
  7 griffons
  A salamander (shapeshifter) (Vaults:5)
  A sixfirhy (Abyss:3)
  4 manticores
  2 worldbinders
  An octopode (shapeshifter) (Abyss:3)
  3 elephants (Lair:8)
  2 moths of wrath (shapeshifter)
  15 salamanders
  An apis skeleton (Crypt:1)
  9 guardian serpents
  24 black mambas
  An apocalypse crab (Abyss:2)
  12 naga magi
  An ice statue (IceCv)
  A molten gargoyle (Volcano)
  A human skeleton (Vaults:4)
  13 vault sentinels
  23 spiny frogs
  3 smoke demons
  An eye of devastation (shapeshifter) (Vaults:3)
  A red draconian zombie (Crypt:1)
  An orange demon (Abyss:2)
  A spiny frog (shapeshifter) (D:14)
  A gargoyle (Volcano)
  8 freezing wraiths
  8 komodo dragons
  2 rime drakes
  An efreet (D:14)
  51 yaktaurs
  2 kobold demonologists
  4 ancient zymes
  A demonic crawler (Abyss:3)
  A yaktaur skeleton (Vaults:4)
  A white draconian skeleton (Crypt:1)
  2 tengu conjurers (D:14)
  10 trolls
  9 giant leeches
  19 polar bears
  A jumping spider (Vaults:1)
  8 two-headed ogres
  8 bog bodies
  11 raiju
  Prince Ribbit (D:7)
  A hornet zombie (D:14)
  19 blink frogs
  A tarantella zombie (Crypt:1)
  29 slime creatures
  8 boulder beetles
  A stone giant simulacrum (Vaults:1)
  A raiju (shapeshifter) (Abyss:3)
  3 shadows
  An alligator skeleton (Crypt:1)
  12 flying skulls
  8 wraiths
  12 spriggans
  The ghost of Heedrag the Conjurer, an amateur DECj (D:6)
  3 spriggans (shapeshifter)
  4 water elementals
  6 ynoxinuls
  5 redbacks (Vaults:1)
  2 air elementals
  A wyvern (D:11)
  A basilisk (shapeshifter) (Vaults:4)
  98 yaks
  2 hogs
  27 starcursed masses
  A wyvern (shapeshifter) (Vaults:5)
  18 humans (D:14)
  A vampire (D:10)
  6 fire elementals
  A yak (shapeshifter) (Vaults:4)
  2 chaos spawn (Abyss:3)
  9 hippogriffs
  2 hungry ghosts
  5 neqoxecs
  31 vampire mosquitoes
  A human simulacrum (Vaults:3)
  3 mottled dragons
  A basilisk (Lair:1)
  Grum (D:8)
  65 nagas
  An insubstantial wisp (Swamp:2)
  12 large abominations
  25 water moccasins
  4 wargs
  22 swamp worms
  An entropy weaver simulacrum (Vaults:2)
  3 hell hounds (D:14)
  15 porcupines
  A giant eyeball (shapeshifter) (Vaults:2)
  16 swamp drakes
  A swamp dragon zombie (Abyss:2)
  2 black bears
  A hornet simulacrum (D:14)
  51 orc warriors
  An ettin simulacrum (Vaults:1)
  6 sky beasts
  3 ice beasts
  2 ogres (shapeshifter)
  24 wasps
  A necrophage (D:8)
  52 wolves
  4 boggarts
  An eye of draining (Abyss:3)
  7 centaurs
  2 phantoms
  A swamp dragon skeleton (Crypt:1)
  37 ogres
  10 crocodiles
  Blork the orc (D:14)
  9 small abominations
  17 giant frogs
  8 gnoll sergeants (Bailey)
  5 big kobolds
  6 earth elementals
  An ogre simulacrum (Vaults:1)
  A hell hound skeleton (Crypt:1)
  A wyvern skeleton (D:14)
  2 scorpions
  2 boulder beetle zombies (Crypt:1)
  21 killer bees
  3 howler monkeys
  2 elf simulacra
  7 electric eels
  5 crimson imps
  4 giant frog zombies
  8 jellies
  2 quasits
  5 centaur zombies
  13 hounds
  37 orc priests
  8 centaur skeletons
  6 gnoll shamans (Bailey)
  An iron imp (Abyss:2)
  33 orc wizards
  10 iguanas
  8 worker ants
  18 sheep
  A naga zombie (Crypt:1)
  A hound zombie (D:5)
  2 hound skeletons
  A howler monkey zombie (D:10)
  24 gnolls
  58 river rats
  18 adders
  7 shadow imps
  A white imp (Abyss:2)
  2 ufetubi (Abyss:3)
  5 oozes (D:9)
  2 adder zombies
  An adder skeleton (D:9)
  5 worms
  A dart slug (D:1)
  5 giant geckos
  142 orcs
  6 bats
  3 giant cockroaches
  12 goblins
  15 hobgoblins
  3 jackals
  36 kobolds
  4 quokkas
  10 giant newts
  6 rats
  A briar patch (Swamp:3)
  5 fire vortices (Volcano)
  A lost soul (Crypt:1)
  A lurking horror (Abyss:2)
2293 creatures vanquished.

Vanquished Creatures (collateral kills)
  A tentacled monstrosity (Vaults:5)
  A yaktaur captain (Vaults:5)
  A vault guard (Vaults:5)
  2 deep trolls (Vaults:5)
  An ironbrand convoker (Vaults:5)
  A yaktaur (Vaults:5)
  A warg (shapeshifter) (Vaults:5)
8 creatures vanquished.

Vanquished Creatures (others)
  An ironheart preserver (Vaults:5)
  A deep elf mage (Elf:1)
  3 yaktaurs
  A hellwing (Abyss:3)
  A human (Snake:3)
  A wraith (D:13)
  An orc warrior (Vaults:3)
  2 ogres (Vaults:2)
  3 orcs
  5 briar patches
  33 fungi
  20 plants
  19 starspawn tentacles
  222 starspawn tentacle segments (Abyss:2)
313 creatures vanquished.

Grand Total: 2614 creatures vanquished

Notes
Turn   | Place    | Note
--------------------------------------------------------------
     0 | D:1      | Krapule the Minotaur Fighter began the quest for the Orb.
     0 | D:1      | Reached XP level 1. HP: 19/19 MP: 0/0
   244 | D:1      | Reached XP level 2. HP: 27/27 MP: 1/1
  1157 | D:2      | Reached skill level 1 in Dodging
  1171 | D:2      | Reached XP level 3. HP: 26/33 MP: 2/2
  1198 | D:2      | Reached skill level 4 in Fighting
  1579 | D:3      | Reached XP level 4. HP: 37/40 MP: 3/3
  2011 | D:3      | Found a radiant altar of Vehumet.
  2296 | D:4      | Reached XP level 5. HP: 40/47 MP: 4/4
  2774 | D:4      | Reached skill level 5 in Shields
  2774 | D:4      | Reached XP level 6. HP: 30/53 MP: 5/5
  2954 | D:5      | Entered Level 5 of the Dungeon
  2954 | D:5      | Noticed a sky beast
  3001 | D:4      | Killed a sky beast
  3001 | D:4      | Reached skill level 5 in Fighting
  3001 | D:4      | Reached skill level 5 in Armour
  3387 | D:5      | Found a shadowy altar of Dithmenos.
  3404 | D:5      | Reached XP level 7. HP: 56/61 MP: 6/6
  3484 | D:5      | Found a large runed door.
  3484 | D:5      | Found a large runed door.
  3489 | D:5      | Reached skill level 5 in Polearms
  3565 | D:5      | Found a large runed door.
  3565 | D:5      | Found a large runed door.
  3650 | D:5      | Reached skill level 1 in Spellcasting
  3789 | D:5      | Noticed a green ugly thing
  3801 | D:5      | Killed a green ugly thing
  3801 | D:5      | Reached skill level 6 in Fighting
  3801 | D:5      | Reached XP level 8. HP: 53/70 MP: 7/9
  3803 | D:5      | Reached skill level 5 in Dodging
  3858 | D:6      | Noticed Heedrag's ghost (amateur DECj)
  4714 | D:6      | Reached skill level 7 in Fighting
  4814 | D:6      | Killed Heedrag's ghost
  4820 | D:6      | Found a shattered altar of Ashenzari.
  5014 | D:6      | Reached XP level 9. HP: 78/79 MP: 11/11
  5211 | D:7      | Noticed Prince Ribbit
  5248 | D:7      | Killed Prince Ribbit
  5363 | D:7      | Found Ypletea's Book Boutique.
  5590 | D:7      | Found a staircase to the Ecumenical Temple.
  5723 | Temple   | Entered the Ecumenical Temple
  5973 | Temple   | Became a worshipper of Warmaster Okawaru
  6249 | D:7      | Reached skill level 8 in Fighting
  6249 | D:7      | Reached skill level 1 in Invocations
  6312 | D:8      | Reached * piety under Okawaru
  6476 | D:8      | Noticed Grum
  7071 | D:8      | Reached skill level 9 in Fighting
  7071 | D:8      | Reached XP level 10. HP: 91/91 MP: 13/13
  7082 | D:8      | Reached ** piety under Okawaru
  7227 | D:8      | Killed Grum
  7250 | D:8      | Found a snail-covered altar of Cheibriados.
  7370 | D:7      | Found a glowing golden altar of the Shining One.
  7818 | D:8      | Found a glowing silver altar of Zin.
  7821 | D:8      | Found a bloodstained altar of Trog.
  7822 | D:8      | Found a shattered altar of Ashenzari.
  7823 | D:8      | Found an oddly glowing altar of Pakellas.
  7824 | D:8      | Found an opulent altar of Gozag.
  8237 | D:9      | Reached *** piety under Okawaru
  8241 | D:9      | Reached skill level 10 in Shields
  8576 | D:9      | Found a flagged portal.
  8586 | Bailey   | Entered a bailey
  8780 | Bailey   | Reached skill level 10 in Fighting
  8882 | Bailey   | Noticed Heedrag's ghost (novice DECj)
  8896 | Bailey   | Killed Heedrag's ghost
  8896 | Bailey   | Reached **** piety under Okawaru
  8896 | Bailey   | Reached skill level 10 in Armour
  8896 | Bailey   | Reached skill level 5 in Invocations
  9650 | D:9      | Reached XP level 11. HP: 101/101 MP: 14/14
  9859 | D:10     | Entered Level 10 of the Dungeon
  9869 | D:10     | Found Xyvuq's Antique Armour Shop.
 10210 | D:10     | Reached ***** piety under Okawaru
 10601 | D:10     | Reached skill level 11 in Fighting
 10618 | D:10     | Noticed Erolcha
 10624 | D:10     | Killed Erolcha
 10749 | D:10     | Found a staircase to the Orcish Mines.
 10991 | D:11     | Found Tenuyf's Armour Emporium.
 11197 | D:11     | HP: 4/102 [something (4)]
 11547 | D:11     | Found Juim's Weapon Boutique.
 11548 | D:11     | Noticed a skeletal warrior
 11549 | D:11     | Noticed a skeletal warrior
 12200 | D:11     | Noticed a skeletal warrior
 12200 | D:11     | Noticed a skeletal warrior
 12216 | D:10     | Killed a skeletal warrior
 12532 | D:10     | Killed a skeletal warrior
 12700 | D:11     | Noticed a hill giant
 13001 | D:11     | Killed a hill giant
 13375 | Orc:1    | Entered Level 1 of the Orcish Mines
 13382 | Orc:1    | Noticed an orc knight
 13571 | D:10     | Killed an orc knight
 13968 | Orc:1    | Reached XP level 12. HP: 110/110 MP: 16/16
 14128 | Orc:2    | Entered Level 2 of the Orcish Mines
 14498 | Orc:2    | Found a roughly hewn altar of Beogh.
 14712 | Orc:2    | Received a gift from Okawaru
 14715 | Orc:2    | Got a fine plate armour {god gift}
 14816 | Orc:2    | Identified the +10 plate armour of Existentialism {Str+3 Stlth+} (Okawaru gifted it to you on level 2 of the Orcish Mines)
 15044 | Orc:2    | Found a staircase to the Elven Halls.
 15140 | Orc:1    | Noticed an orc high priest
 15162 | Orc:1    | Killed an orc high priest
 15363 | Orc:2    | Found a roughly hewn altar of Beogh.
 15381 | Orc:2    | Found Kiafoh's Antique Armour Emporium.
 15387 | Orc:2    | Bought a distressingly furry cloak for 190 gold pieces
 15392 | Orc:2    | Identified the +2 cloak of Simaosmu {-Tele MR+++ Dex+6 SInv} (You bought it in a shop on level 2 of the Orcish Mines)
 15493 | Orc:2    | Found a roughly hewn altar of Beogh.
 15499 | Orc:2    | Reached skill level 12 in Fighting
 16099 | Orc:2    | Found a roughly hewn altar of Beogh.
 16104 | Orc:2    | Noticed an orc high priest
 16149 | Orc:2    | Killed an orc high priest
 16391 | Orc:2    | Found Nehenacits's Distillery.
 16546 | Orc:2    | Noticed an orc warlord
 16620 | Orc:2    | Killed an orc warlord
 16846 | Orc:2    | Found Ciolouh's Antique Weapon Shop.
 16847 | Orc:2    | Found a roughly hewn altar of Beogh.
 16850 | Orc:2    | Found Weffaijytt's Antique Armour Boutique.
 16861 | Orc:2    | Bought a demon trident for 330 gold pieces
 16867 | Orc:2    | Bought a pair of runed boots for 139 gold pieces
 16867 | Orc:2    | Bought a slimy shield for 294 gold pieces
 16867 | Orc:2    | Bought a steaming ring mail for 279 gold pieces
 16867 | Orc:2    | Bought a creamy pearl robe for 176 gold pieces
 16915 | Orc:2    | Identified the +3 shield of the Orange Skies {rElec MP+9 Int+2 Dex+3} (You bought it in a shop on level 2 of the Orcish Mines)
 16960 | Orc:2    | Bought a pair of gloves for 90 gold pieces
 17411 | D:11     | Found Ylaider's Antique Armour Shop.
 17580 | D:11     | Reached XP level 13. HP: 94/119 MP: 18/18
 17735 | D:11     | Found Zipimne's Book Shoppe.
 17762 | D:11     | Found Torutisu's General Store.
 17799 | D:11     | Found a staircase to the Lair.
 17906 | D:11     | Identified the +4 ring mail "Anepen" {rPois rN+ rCorr} (You bought it in a shop on level 2 of the Orcish Mines)
 17916 | D:11     | Identified the cursed +1 robe "Tusa" {*Drain rN+ Int+2 Dex+4} (You bought it in a shop on level 2 of the Orcish Mines)
 17957 | Lair:1   | Entered Level 1 of the Lair of Beasts
 17981 | Lair:1   | Received a gift from Okawaru
 17982 | Lair:1   | Got a shimmering trident {god gift}
 17984 | Lair:1   | Identified the +3 trident of Joyful Slaughter {pierce, rF- rN++ Dex+2} (Okawaru gifted it to you on level 1 of the Lair of Beasts)
 18074 | Lair:1   | Reached skill level 13 in Fighting
 18080 | Lair:1   | Found a frozen archway.
 18085 | IceCv    | Entered an ice cave
 18915 | IceCv    | Noticed a frost giant
 18942 | IceCv    | Killed a frost giant
 18942 | IceCv    | Received a gift from Okawaru
 18946 | IceCv    | Got an ichor-stained hat {god gift}
 19053 | Lair:1   | Identified the +0 hat "Cin Iba" {Dex+3} (Okawaru gifted it to you in an ice cave)
 19910 | Lair:2   | Reached skill level 14 in Fighting
 19941 | Lair:2   | Reached skill level 5 in Spellcasting
 19953 | Lair:2   | Found a dark tunnel.
 19960 | Volcano  | Entered a volcano
 21229 | Lair:3   | Reached XP level 14. HP: 94/132 MP: 21/21
 21632 | Lair:3   | Found a staircase to the Swamp.
 22311 | D:11     | Bought a book of the Earth for 910 gold pieces
 22352 | D:11     | Learned a level 2 spell: Passwall
 22359 | D:11     | Learned a level 6 spell: Statue Form
 23041 | Lair:5   | Reached skill level 1 in Earth Magic
 23047 | Lair:5   | Reached skill level 1 in Transmutations
 23070 | Lair:5   | Noticed ThereIsNoGod's ghost (journeyman MiGl)
 23093 | Lair:5   | Killed ThereIsNoGod's ghost
 23093 | Lair:5   | Reached ****** piety under Okawaru
 24376 | Lair:6   | Received a gift from Okawaru
 24528 | Lair:6   | Found a staircase to the Snake Pit.
 24708 | Lair:7   | Reached skill level 15 in Fighting
 24773 | Lair:7   | Got a transparent cloak
 25226 | Lair:7   | Reached skill level 15 in Shields
 25341 | Lair:8   | Entered Level 8 of the Lair of Beasts
 25473 | Lair:8   | Found a staircase to the Slime Pits.
 25669 | Lair:8   | Received a gift from Okawaru
 25912 | Lair:8   | Reached XP level 15. HP: 141/141 MP: 23/23
 27044 | Lair:8   | Identified the +0 cloak of Rotation {MP-9 Str+4 Dex+5} (You found it on level 7 of the Lair of Beasts)
 27657 | D:12     | Received a gift from Okawaru
 27808 | D:12     | Found a deep blue altar of Sif Muna.
 27846 | D:12     | Reached skill level 5 in Earth Magic
 27898 | D:12     | Found Bisyuc's Weapon Shop.
 28210 | D:12     | Reached skill level 5 in Transmutations
 28415 | D:13     | Identified a scroll of acquirement
 28527 | D:13     | Noticed ThereIsNoGod's ghost (journeyman MiGl)
 28569 | D:13     | Killed ThereIsNoGod's ghost
 28729 | D:13     | Noticed Frances
 28731 | D:13     | Noticed Josephine
 28753 | D:13     | Killed Josephine
 28785 | D:13     | HP: 4/143 [Frances/shard of ice (21)]
 29274 | Swamp:1  | Entered Level 1 of the Swamp
 29895 | Lair:3   | Reached skill level 16 in Fighting
 29999 | Swamp:1  | Reached skill level 10 in Dodging
 30009 | Swamp:1  | Got a faintly glowing scale mail
 30667 | Swamp:2  | Noticed Roxanne
 30951 | Swamp:2  | Received a gift from Okawaru
 31011 | Swamp:2  | Noticed a thorn hunter
 31480 | Swamp:2  | Noticed a thorn hunter
 31497 | Swamp:2  | Killed a thorn hunter
 31497 | Swamp:2  | Reached XP level 16. HP: 149/152 MP: 22/24
 31985 | Swamp:2  | Noticed a thorn hunter
 31985 | Swamp:2  | Found a basalt altar of Yredelemnul.
 31985 | Swamp:2  | Noticed a thorn hunter
 32004 | Swamp:2  | Killed a thorn hunter
 32017 | Swamp:2  | Killed a thorn hunter
 32863 | Swamp:2  | Identified the +6 scale mail "Vaumisue" {rCorr SInv} (You found it on level 1 of the Swamp)
 32987 | Swamp:2  | Killed a thorn hunter
 33288 | Elf:1    | Entered Level 1 of the Elven Halls
 33509 | Snake:1  | Entered Level 1 of the Snake Pit
 33605 | Snake:1  | Reached skill level 17 in Fighting
 34073 | Snake:1  | Got a coiled tin amulet
 34075 | Snake:1  | Identified the amulet of Kufotik {Regen+ Dex+4} (You acquired it on level 1 of the Snake Pit)
 34245 | Snake:1  | Found Lahewup's Gadget Shoppe.
 34902 | Snake:2  | Received a gift from Okawaru
 35071 | Snake:2  | Paralysed by a naga for 2 turns
 35869 | Snake:3  | Noticed Kirke
 36004 | Snake:3  | Killed Kirke
 36027 | Snake:3  | Reached XP level 17. HP: 156/161 MP: 25/25
 36031 | Snake:3  | Received a gift from Okawaru
 38041 | Swamp:3  | Reached skill level 10 in Earth Magic
 38174 | Swamp:3  | Reached skill level 10 in Polearms
 38638 | Swamp:3  | Reached skill level 10 in Transmutations
 38871 | Swamp:4  | Entered Level 4 of the Swamp
 39014 | Swamp:4  | Got a faintly glowing trident
 39067 | Swamp:4  | Identified the +6 trident of Valiance {pierce, rElec} (You found it on level 4 of the Swamp)
 39166 | Swamp:4  | Received a gift from Okawaru
 39561 | Swamp:4  | Noticed a tentacled monstrosity
 39646 | Swamp:4  | Killed a tentacled monstrosity
 40183 | Swamp:4  | Received a gift from Okawaru
 40200 | Swamp:4  | Noticed Aizul
 40213 | Swamp:4  | Killed Aizul
 40318 | Swamp:4  | Noticed the 27-headed Lernaean hydra
 40325 | Swamp:4  | Killed the 27-headed Lernaean hydra
 40512 | Swamp:4  | Reached XP level 18. HP: 155/169 MP: 26/26
 40556 | Swamp:4  | Got a decaying rune of Zot
 41098 | Snake:4  | Entered Level 4 of the Snake Pit
 41334 | Snake:4  | Found a shimmering altar of Xom.
 41804 | Snake:4  | Received a gift from Okawaru
 41888 | Snake:4  | Noticed Norris
 41902 | Snake:4  | Killed Norris
 41918 | Snake:4  | Got a twitching tin ring
 41920 | Snake:4  | Identified the ring of Laixyges {rF++ Str+4} (You found it on level 4 of the Snake Pit)
 43210 | Snake:4  | Got a serpentine rune of Zot
 44005 | Elf:1    | Identified the Handbook of Summoning
 44798 | Elf:1    | Found Xounuoz's Weapon Shoppe.
 44904 | Elf:3    | Entered Level 3 of the Elven Halls
 44913 | Elf:3    | Received a gift from Okawaru
 45350 | Elf:2    | Found Purod's Food Shop.
 45360 | Elf:2    | Reached XP level 19. HP: 177/177 MP: 29/29
 45373 | Elf:2    | Noticed Elystan's ghost (journeyman TrAr)
 45676 | Elf:2    | Killed Elystan's ghost
 46237 | Elf:2    | Found a huge runed gate.
 46237 | Elf:2    | Found a huge runed gate.
 46237 | Elf:2    | Found a huge runed gate.
 46238 | Elf:2    | Found a huge runed gate.
 46238 | Elf:2    | Found a huge runed gate.
 46795 | Elf:3    | Noticed Donald
 46795 | Elf:3    | Noticed Mara
 46796 | Elf:3    | Noticed Krapule's illusion
 46804 | Elf:2    | Killed Donald
 46918 | Elf:3    | Cast into level 3 of the Abyss (a deep elf sorcerer)
 46918 | Abyss:3  | Found a corrupted altar of Lugonu.
 46933 | Abyss:3  | Found a burning altar of Makhleb.
 47250 | Abyss:3  | Paralysed by accursed screaming for 1 turns
 47252 | Abyss:3  | Gained mutation: Potions and wands are less effective at restoring your health. [a neqoxec]
 47255 | Abyss:3  | Paralysed by accursed screaming for 1 turns
 47266 | Abyss:3  | Paralysed by accursed screaming for 2 turns
 47531 | Elf:3    | Escaped the Abyss
 48028 | D:13     | Killed Frances
 48066 | D:13     | Noticed Sonja
 48079 | D:13     | Killed Sonja
 48584 | D:14     | Noticed Urug
 48596 | D:14     | Killed Urug
 48663 | D:14     | Noticed Blork the orc
 48669 | D:14     | Killed Blork the orc
 48672 | D:14     | Found a deep blue altar of Sif Muna.
 48719 | D:14     | Noticed Snorg
 48727 | D:14     | Killed Snorg
 48929 | D:14     | Found a gate to the Vaults.
 48956 | D:14     | Received a gift from Okawaru
 49000 | D:14     | Got a pair of crude gloves {god gift}
 49011 | D:14     | Identified the -5 pair of gloves "Yquxeg" {Regen+} (Okawaru gifted it to you on level 14 of the Dungeon)
 49228 | D:14     | Noticed Azrael
 49230 | D:14     | Noticed Rupert
 49239 | D:14     | Killed Azrael
 49248 | D:14     | Killed Rupert
 49485 | D:14     | Reached XP level 20. HP: 184/184 MP: 32/32
 49504 | D:14     | Noticed Maud
 49520 | D:14     | Killed Maud
 49880 | Vaults:1 | Entered Level 1 of the Vaults
 51142 | Vaults:1 | Cast into level 2 of the Abyss (an ogre mage)
 51205 | Abyss:2  | Gained mutation: You are clumsy. (Dex -2) [a neqoxec]
 51207 | Abyss:2  | Noticed a profane servitor
 51231 | Abyss:2  | Killed a profane servitor
 51294 | Abyss:2  | Found a sacrificial altar of Ru.
 51439 | Abyss:2  | Received a gift from Okawaru
 51474 | Abyss:2  | Paralysed by you for 6 turns
 51686 | Vaults:1 | Escaped the Abyss
 51707 | Vaults:1 | Reached skill level 18 in Fighting
 53367 | Vaults:2 | Received a gift from Okawaru
 54049 | Vaults:2 | Received a gift from Okawaru
 54066 | Vaults:2 | Identified a +4 rod of ignition (12/12) (You found it on level 2 of the Vaults)
 54272 | Vaults:2 | Paralysed by an ogre mage for 3 turns
 54281 | Vaults:2 | Reached XP level 21. HP: 191/195 MP: 33/33
 54486 | Vaults:3 | Found Nigaah's Armour Emporium.
 54691 | Vaults:3 | Found a staircase to the Crypt.
 54691 | Vaults:3 | Found an ancient bone altar of Kikubaaqudgha.
 54692 | Vaults:3 | Found a basalt altar of Yredelemnul.
 54796 | Vaults:3 | Received a gift from Okawaru
 55180 | Vaults:3 | Cast into level 2 of the Abyss (an ogre mage)
 55180 | Abyss:2  | Found a corrupted altar of Lugonu.
 55256 | Abyss:2  | Paralysed by accursed screaming for 1 turns
 55260 | Abyss:2  | Paralysed by accursed screaming for 1 turns
 55634 | Vaults:3 | Escaped the Abyss
 56304 | Crypt:1  | Entered Level 1 of the Crypt
 56508 | Vaults:4 | Reached skill level 10 in Invocations
 56844 | Vaults:4 | Received a gift from Okawaru
 56844 | Vaults:4 | Reached skill level 19 in Fighting
 56881 | Vaults:4 | Got a faintly glowing trident {god gift}
 56883 | Vaults:4 | Identified the +5 trident "Roex" {speed, *Drain rF+ Int+4 Stlth+} (Okawaru gifted it to you on level 4 of the Vaults)
 57407 | Vaults:4 | Found Faylu's Armour Boutique.
 57426 | Vaults:4 | Bought a +0 pearl dragon armour for 2000 gold pieces
 57467 | Vaults:3 | Reached XP level 22. HP: 197/205 MP: 34/34
 58118 | Vaults:4 | Received a gift from Okawaru
 58318 | Vaults:5 | Entered Level 5 of the Vaults
 58559 | Vaults:5 | Reached skill level 15 in Earth Magic
 58741 | Vaults:5 | Received a gift from Okawaru
 58759 | Vaults:5 | Got a pair of jewelled gloves {god gift}
 58770 | Vaults:5 | Identified the +0 pair of gloves of Immorality {rN++ Dex+8} (Okawaru gifted it to you on level 5 of the Vaults)
 58979 | Vaults:5 | Reached skill level 15 in Transmutations
 59416 | Vaults:5 | Received a gift from Okawaru
 59712 | Vaults:5 | Found Qipt's Gadget Shoppe.
 59723 | Vaults:5 | Identified Eviropp's Handbook of Heat and Dark Rites (You found it on level 5 of the Vaults)
 60064 | Vaults:5 | Reached XP level 23. HP: 215/215 MP: 35/35
 60144 | Vaults:5 | Got a scorched plate armour
 60145 | Vaults:5 | Identified the +3 plate armour "Fiderch" {Int+2} (You took it off a vault guard on level 5 of the Vaults)
 60172 | Vaults:5 | Got a jewelled spear {freeze}
 60173 | Vaults:5 | Identified the cursed +0 spear of Zewit {freeze, *Confuse rPois rC+++ Str-5} (You took it off an orc wizard on level 5 of the Vaults)
 60206 | Vaults:5 | Got a thick robe
 60227 | Vaults:5 | Got a twitching golden amulet
 60229 | Vaults:5 | Identified the amulet of Wehoddul {Harm *Drain rElec rC+ Slay-6} (You took it off a vault guard on level 5 of the Vaults)
 60249 | Vaults:5 | Paralysed by a lich for 4 turns
 60320 | Vaults:5 | Received a gift from Okawaru
 60334 | Vaults:5 | Got a smoking trident {god gift}
 60351 | Vaults:4 | Identified the cursed +1 robe of the Lair of Beasts {MR+++ Dex-3 SInv} (You took it off an orc sorcerer on level 5 of the Vaults)
 60351 | Vaults:4 | Identified the +6 trident of the Sun {pierce, rElec rPois Int+4 Stlth+} (Okawaru gifted it to you on level 5 of the Vaults)
 61341 | Vaults:5 | Got a silver rune of Zot
 61923 | D:11     | Bought a book of Enchantments for 700 gold pieces
 61947 | D:11     | Learned a level 6 spell: Haste
 61957 | D:11     | Learned a level 6 spell: Deflect Missiles
 62078 | D:7      | Fell from the grace of Okawaru
 62078 | D:7      | Became a worshipper of the Shining One
 62148 | D:10     | Was placed under penance by the Shining One
 62471 | Crypt:1  | Was forgiven by the Shining One
 62567 | Crypt:1  | Reached * piety under the Shining One
 62567 | Crypt:1  | Reached skill level 15 in Polearms
 62654 | Crypt:1  | Reached ** piety under the Shining One
 62846 | Crypt:1  | Reached skill level 20 in Fighting
 62865 | Crypt:1  | Reached *** piety under the Shining One
 63448 | Crypt:1  | Reached **** piety under the Shining One
 63629 | Crypt:1  | Reached ***** piety under the Shining One
 63741 | Crypt:1  | Killed from afar by a frost giant

Skill      XL: |  1  2  3  4  5  6  7  8  9 10 11 12 13 14 15 16 17 18 19 20 21 22 23 |
---------------+----------------------------------------------------------------------+-----
Shields        | 4 5 6 7 9 10 11 12 14 15 16 | 16.0
Dodging        | 1 2 3 4 5 7 8 10 11 12 13 14 | 14.6
Armour         | 4 5 6 7 8 10 11 12 13 14 | 14.0
Fighting       | 4 5 6 7 9 10 11 12 14 15 16 17 18 19 20 | 20.1
Polearms       | 3 4 5 6 8 9 11 12 13 14 15 | 15.0
Spellcasting   | 1 2 3 5 6 7 9 |  9.0
Invocations    | 3 5 7 8 9 10 11 | 11.9
Earth Magic    | 4 6 9 11 12 13 14 15 | 15.7
Transmutations | 4 6 9 10 12 13 14 15 | 15.5

Action                   |  1- 3 |  4- 6 |  7- 9 | 10-12 | 13-15 | 16-18 | 19-21 | 22-24 || total
-------------------------+-------+-------+-------+-------+-------+-------+-------+-------++-------
Melee: Trident           |   114 |   169 |   283 |  1117 |  1669 |   744 |  1348 |   400 ||  5844
       Headbutt          |     9 |    20 |    44 |   211 |   623 |   500 |   698 |   424 ||  2529
       Demon trident     |       |       |       |       |   202 |   812 |   908 |   706 ||  2628
       Unarmed           |       |       |       |       |       |       |       |     1 ||     1
Throw: Throwing net      |       |       |       |     1 |       |       |       |       ||     1
 Cast: Statue Form       |       |       |       |       |       |     1 |       |     3 ||     4
Invok: Finesse           |       |       |       |     3 |     1 |     2 |     1 |     1 ||     8
       Heroism           |       |       |       |     6 |     4 |     6 |     6 |     3 ||    25
Evoke: Wand              |       |       |     2 |     9 |     9 |     2 |     5 |     3 ||    30
  Use: Scroll            |       |       |     6 |    18 |    17 |     6 |    12 |    22 ||    81
       Potion            |       |       |     4 |     8 |     1 |    10 |       |     3 ||    26
 Stab: Sleeping          |       |       |     3 |       |       |       |       |       ||     3
       Distracted        |       |       |     1 |       |     1 |     1 |       |     2 ||     5
       Confused          |       |       |       |     1 |       |     1 |       |       ||     2
       Petrified         |       |       |       |       |     4 |       |       |       ||     4
       Petrifying        |       |       |       |       |     1 |       |       |       ||     1
  Eat: Chunk             |     1 |     7 |    12 |    23 |    32 |    19 |    22 |     2 ||   118
       Meat ration       |       |       |       |     1 |     1 |     1 |     4 |       ||     7
       Beef jerky        |       |       |       |     3 |     1 |     2 |       |       ||     6
       Fruit             |       |       |       |     2 |       |     3 |     8 |       ||    13
       Pizza             |       |       |       |     1 |     1 |       |       |       ||     2
       Bread ration      |       |       |       |       |     2 |     4 |     1 |     3 ||    10
Armor: Scale mail        |    38 |    59 |     8 |       |       |       |       |       ||   105
       Robe              |       |       |    26 |    84 |       |       |       |       ||   110
       Skin              |       |       |       |    26 |       |       |       |     8 ||    34
       Plate armour      |       |       |       |    78 |   469 |   400 |   355 |       ||  1302
       Pearl dragon armo |       |       |       |       |       |       |       |   130 ||   130
Dodge: Dodged            |    28 |    40 |   101 |   243 |   426 |   522 |   571 |   393 ||  2324
Block: Shield            |    44 |    69 |   106 |   523 |  1215 |  1005 |  1237 |   649 ||  4848
